WCHLSIM.com - West Coast Hockey League
html PUBLIC "-//W3C//DTD XHTML 1.0 Transitional//EN" "http://www.w3.org/TR/xhtml1/DTD/xhtml1-transitional.dtd"> WCHL - Game 684 - SEATTLE GRUNGE vs ANCHORAGE ACES

SEATTLE GRUNGE vs ANCHORAGE ACES

Created - 22 février 2021 at 21:03

Goals
1 2 3 OT1 T
SEATTLE GRUNGE 1 1 1 0 3
ANCHORAGE ACES 0 2 1 1 4
Shots
1 2 3 OT1 T
SEATTLE GRUNGE 9 4 9 0 22
ANCHORAGE ACES 14 9 13 1 37

1st period

1. SEATTLE GRUNGE , Travis Sanheim 3 (Chris Tierney 13, Josh Bailey 25) at 16:12

Penalties :
Chris Kreider (ANC) for Diving (Minor) at 3:08, David Savard (SEA) for Tripping (Minor) at 18:28

2nd period

2. SEATTLE GRUNGE , Mike Hoffman 19 (Jake Guentzel 18, Tyler Seguin 22) at 3:25
3. ANCHORAGE ACES , Nathan MacKinnon 28 (Nathan Beaulieu 9, Connor McDavid 39) at 12:04
4. ANCHORAGE ACES , Nathan MacKinnon 29 (Connor McDavid 40, Nikolaj Ehlers 26) at 19:12

Penalties :
Nate Thompson (ANC) for Charging (Minor) at 4:51, Slater Koekkoek (SEA) for Hooking (Minor) at 7:21, Cal Clutterbuck (ANC) for Hooking (Minor) at 9:49

3rd period

5. SEATTLE GRUNGE , Tyler Seguin 9 (Damon Severson 18, Jake Guentzel 19) at 5:42 (PP)
6. ANCHORAGE ACES , Jakob Silfverberg 15 (Nikolaj Ehlers 27, Phillip Danault 26) at 13:15 (PP)

Penalties :
Shea Weber (ANC) for Holding (Minor) at 5:17, Nathan Beaulieu (ANC) for Delaying the game (Minor) at 7:54, Jake Guentzel (SEA) for Holding (Minor) at 12:12, Phillip Danault (ANC) for Holding (Minor) at 16:32

Overtime #1

7. ANCHORAGE ACES , Nathan MacKinnon 30 (Nikolaj Ehlers 28, Seth Jones 16) at 0:22

Penalties :
No Penalty

Goalie Stats

Semyon Varlamov (SEA), 33 saves from 37 shots - (0,892), OTL, 16-15-5, 60:23 minutes
Carey Price (ANC), 19 saves from 22 shots - (0,864), W, 18-9-4, 60:23 minutes

Players Stats for SEATTLE GRUNGE

Player Name              G  A  P  +/- PIM S  H  SB GA TA FO     MP     PP MP  PK MP  
------------------------------------------------------------------------------------
Carl Hagelin             0  0  0   1  0   2  2  1  0  0  0/0    21:33   3:51   3:33 
Chris Tierney            0  1  1   1  0   2  4  1  0  0  11/21  18:00   3:51   0:00 
Damon Severson           0  1  1   2  0   0  5  2  0  0  0/0    24:45   6:22   2:44 
David Savard             0  0  0   0  2   0  2  1  0  0  0/0    21:45   3:58   1:53 
Jake Guentzel            0  2  2   0  2   9  0  0  0  0  1/2    20:47   6:29   0:00 
Jason Spezza             0  0  0  -2  0   0  0  0  0  0  5/13   13:27   0:00   1:25 
Josh Bailey              0  1  1   1  0   1  0  0  0  0  1/2    18:03   3:51   0:03 
Marcus Sorensen          0  0  0   0  0   0  0  0  0  0  0/0     4:32   0:00   0:00 
Matthew Grzelcyk         0  0  0  -2  0   0  3  2  0  0  0/0    13:47   0:39   0:03 
Mike Hoffman             1  0  1   0  0   2  1  0  0  0  0/2    20:48   6:29   0:00 
Morgan Geekie            0  0  0   0  0   0  1  0  0  0  5/9     8:05   0:00   3:33 
Roman Josi               0  0  0  -1  0   0  0  2  0  0  0/0    25:49   5:43   3:48 
Slater Koekkoek          0  0  0  -2  2   0  2  1  0  0  0/0    13:28   0:00   0:24 
Travis Sanheim           1  0  1   2  0   1  2  1  0  0  0/0    20:47   3:58   1:10 
Trevor Lewis             0  0  0   0  0   0  0  0  0  0  0/0     4:35   0:00   0:03 
Tyler Seguin             1  1  2   1  0   3  2  0  0  0  19/25  20:25   6:29   0:00 
Vladislav Namestnikov    0  0  0  -2  0   1  0  0  0  0  0/1    13:27   0:00   1:25 
Wayne Simmonds           0  0  0  -2  0   1  0  0  0  0  1/1    12:02   0:00   0:00 

Players Stats for ANCHORAGE ACES

Player Name              G  A  P  +/- PIM S  H  SB GA TA FO     MP     PP MP  PK MP  
------------------------------------------------------------------------------------
Artturi Lehkonen         0  0  0   0  0   2  0  1  0  0  0/0    11:53   0:00   2:00 
Ben Chiarot              0  0  0  -1  0   2  3  1  0  0  0/0    21:57   2:08   4:18 
Cal Clutterbuck          0  0  0   0  2   0  4  0  0  0  0/0    12:28   0:00   2:36 
Carl Gunnarsson          0  0  0   1  0   1  0  1  0  0  0/0    13:39   0:00   0:00 
Chris Kreider            0  0  0  -1  2   2  3  0  0  0  1/2    18:08   2:56   0:00 
Connor McDavid           0  2  2   1  0   3  1  0  0  0  12/19  18:40   2:56   0:00 
Curtis Lazar             0  0  0   0  0   0  0  0  0  0  6/12   10:02   0:00   0:09 
Jacob de la Rose         0  0  0   0  0   1  1  0  0  0  3/10    8:29   0:00   4:40 
Jakob Silfverberg        1  0  1  -1  0   2  2  0  0  0  1/4    23:02   2:05   5:44 
Michael Frolik           0  0  0   0  0   1  0  0  0  0  0/0     3:49   0:00   0:00 
Nate Thompson            0  0  0   0  2   1  0  0  0  0  0/1     4:45   0:00   0:57 
Nathan Beaulieu          0  1  1   1  2   0  1  0  0  0  0/0    13:38   0:00   0:00 
Nathan MacKinnon         3  0  3   2  0   12 2  2  0  0  1/6    19:03   2:56   0:00 
Nikolaj Ehlers           0  3  3   2  0   0  2  1  0  0  0/0    18:12   2:05   0:00 
Phillip Danault          0  1  1  -1  2   5  1  0  0  0  9/22   21:51   2:05   4:34 
Seth Jones               0  1  1   1  0   2  0  1  0  0  0/0    24:47   2:53   6:02 
Shea Weber               0  0  0   0  2   3  1  0  0  0  0/0    24:23   2:53   6:02 
Zachary Werenski         0  0  0  -1  0   0  0  2  0  0  0/0    21:57   2:08   4:18 

3 Stars

1 - Nathan MacKinnon (ANC)
2 - Nikolaj Ehlers (ANC)
3 - Tyler Seguin (SEA)

Power Play

SEATTLE GRUNGE - 1 on 6 Attempt(s) - 16,67%
ANCHORAGE ACES - 1 on 3 Attempt(s) - 33,33%

Penalty Kill

SEATTLE GRUNGE - 2 on 3 Attempt(s) - 66,67% - Score 0 goal in Penalty Kill
ANCHORAGE ACES - 5 on 6 Attempt(s) - 83,33% - Score 0 goal in Penalty Kill

Team Stat

SEATTLE GRUNGE - Hits : 24 - Faceoff Wins : 43 - Blocked Shots : 11 - Penalty Minutes : 6
ANCHORAGE ACES - Hits : 21 - Faceoff Wins : 33 - Blocked Shots : 9 - Penalty Minutes : 12

Official

Referees : Tim Mayer and Jake Brenk
Linesman : Brent Colby and Greg Devorski

Game Notes

Nathan MacKinnon has scored a Hat Trick!

Finance

Level 1 -- Attendance: 5804 (96,73%) -- Ticket Income 928 640 $
Level 2 -- Attendance: 4384 (87,68%) -- Ticket Income 552 384 $
Level 3 -- Attendance: 1803 (90,15%) -- Ticket Income 189 315 $
Level 4 -- Attendance: 4000 (100,00%) -- Ticket Income 248 000 $
Luxury Box -- Attendance: 1000 (100,00%) -- Ticket Income 280 000 $
Game was played at the Alaska Center.
Total Attendance: 16991 (94,39%)
Total Ticket Income: 2 198 339 $
Other Expense: 21 983 $
Total Income: 2 176 356 $

SEATTLE GRUNGE

5 vs 5 Forward 
   Center                   Left Wing                Right Wing               Time % Phy DF OF 
 1 Tyler Seguin             Jake Guentzel            Mike Hoffman             37     1   2  2  
 2 Chris Tierney            Josh Bailey              Carl Hagelin             37     1   2  2  
 3 Jason Spezza             Wayne Simmonds           Vladislav Namestnikov    21     1   2  2  
 4 Morgan Geekie            Trevor Lewis             Marcus Sorensen          5      1   2  2  

5 vs 5 Defense 
   Defense                  Defense                                           Time % Phy DF OF 
 1 Roman Josi               David Savard                                      40     1   2  2  
 2 Damon Severson           Travis Sanheim                                    39     1   2  2  
 3 Matthew Grzelcyk         Slater Koekkoek                                   21     1   2  2  
 4 Roman Josi               Damon Severson                                    0      1   2  2  

PowerPlay Forward 
   Center                   Left Wing                Right Wing               Time % Phy DF OF 
 1 Tyler Seguin             Mike Hoffman             Jake Guentzel            50     1   1  3  
 2 Chris Tierney            Josh Bailey              Carl Hagelin             50     1   1  3  

PowerPlay Defense
   Defense                  Defense                                           Time % Phy DF OF 
 1 Roman Josi               Damon Severson                                    55     0   2  3  
 2 David Savard             Travis Sanheim                                    45     0   2  3  

Penalty Kill 4 Players Forward 
   Center                   Wing                     Time % Phy DF OF 
 1 Morgan Geekie            Carl Hagelin             55     1   4  0  
 2 Jason Spezza             Vladislav Namestnikov    45     1   4  0  

Penalty Kill 4 Players Defense
   Defense                  Defense                  Time % Phy DF OF 
 1 Roman Josi               David Savard             55     1   3  1  
 2 Damon Severson           Travis Sanheim           45     1   3  1  

Penalty Kill - 3 Players Forward 
   Forward                                           Time % Phy DF OF 
 1 Chris Tierney                                     55     0   5  0  
 2 Morgan Geekie                                     45     0   5  0  

Penalty Kill - 3 Players Defense
   Defense                  Defense                  Time % Phy DF OF 
 1 Roman Josi               Damon Severson           55     1   4  0  
 2 David Savard             Travis Sanheim           45     1   4  0  

4 vs 4 Forward 
   Center                   Wing                     Time % Phy DF OF 
 1 Tyler Seguin             Jake Guentzel            55     1   2  2  
 2 Chris Tierney            Josh Bailey              45     1   2  2  

4 vs 4 Defense
   Defense                  Defense                  Time % Phy DF OF 
 1 Roman Josi               David Savard             55     1   2  2  
 2 Damon Severson           Travis Sanheim           45     1   2  2  

Last Minutes Offensive
   Center                   Left Wing                Right Wing               Defense                  Defense                  
   Tyler Seguin             Jake Guentzel            Mike Hoffman             Roman Josi               Damon Severson           

Last Minutes Defensive
   Center                   Left Wing                Right Wing               Defense                  Defense                  
   Chris Tierney            Carl Hagelin             Jake Guentzel            Roman Josi               Damon Severson           

Goaltenders
Starting : Semyon Varlamov          
Backup : Jimmy Howard             

Extra Forwards
Normal : Tyler Seguin, Jake Guentzel, Mike Hoffman - PP : Tyler Seguin, Jake Guentzel - PK : Carl Hagelin
Extra Defensemen
Normal : Matthew Grzelcyk, Slater Koekkoek, Damon Severson - PP : Matthew Grzelcyk - PK : Slater Koekkoek, Damon Severson
Penalty Shots
Jake Guentzel, Mike Hoffman, Josh Bailey, Chris Tierney, Tyler Seguin
Custom OT Lines Forwards
Mike Hoffman, Jake Guentzel, Josh Bailey, Tyler Seguin, Vladislav Namestnikov, Chris Tierney, Morgan Geekie, Wayne Simmonds, Carl Hagelin, Jason Spezza
Custom OT Lines Defensemen
Roman Josi, David Savard, Damon Severson, Travis Sanheim, Matthew Grzelcyk

Scratches
Brian Boyle (Sprained Right Ankle Injury), Justin Schultz (Healthy), Ryan Reaves (Healthy)

ANCHORAGE ACES

5 vs 5 Forward 
   Center                   Left Wing                Right Wing               Time % Phy DF OF 
 1 Connor McDavid           Nikolaj Ehlers           Nathan MacKinnon         37     0   0  5  
 2 Phillip Danault          Chris Kreider            Jakob Silfverberg        33     0   1  4  
 3 Curtis Lazar             Artturi Lehkonen         Cal Clutterbuck          20     1   2  2  
 4 Jacob de la Rose         Nate Thompson            Michael Frolik           10     1   2  2  

5 vs 5 Defense 
   Defense                  Defense                                           Time % Phy DF OF 
 1 Shea Weber               Seth Jones                                        36     1   2  2  
 2 Zachary Werenski         Ben Chiarot                                       31     1   2  2  
 3 Carl Gunnarsson          Nathan Beaulieu                                   23     1   2  2  
 4 Shea Weber               Seth Jones                                        10     1   2  2  

PowerPlay Forward 
   Center                   Left Wing                Right Wing               Time % Phy DF OF 
 1 Nathan MacKinnon         Chris Kreider            Connor McDavid           55     0   0  5  
 2 Phillip Danault          Nikolaj Ehlers           Jakob Silfverberg        45     0   0  5  

PowerPlay Defense
   Defense                  Defense                                           Time % Phy DF OF 
 1 Shea Weber               Seth Jones                                        55     1   2  2  
 2 Zachary Werenski         Ben Chiarot                                       45     1   2  2  

Penalty Kill 4 Players Forward 
   Center                   Wing                     Time % Phy DF OF 
 1 Phillip Danault          Jakob Silfverberg        55     1   3  1  
 2 Jacob de la Rose         Cal Clutterbuck          45     1   3  1  

Penalty Kill 4 Players Defense
   Defense                  Defense                  Time % Phy DF OF 
 1 Seth Jones               Shea Weber               55     1   3  1  
 2 Ben Chiarot              Zachary Werenski         45     1   3  1  

Penalty Kill - 3 Players Forward 
   Forward                                           Time % Phy DF OF 
 1 Phillip Danault                                   55     0   5  0  
 2 Cal Clutterbuck                                   45     0   5  0  

Penalty Kill - 3 Players Defense
   Defense                  Defense                  Time % Phy DF OF 
 1 Seth Jones               Shea Weber               55     0   5  0  
 2 Nathan Beaulieu          Carl Gunnarsson          45     0   5  0  

4 vs 4 Forward 
   Center                   Wing                     Time % Phy DF OF 
 1 Connor McDavid           Nathan MacKinnon         55     1   2  2  
 2 Nikolaj Ehlers           Artturi Lehkonen         45     1   2  2  

4 vs 4 Defense
   Defense                  Defense                  Time % Phy DF OF 
 1 Shea Weber               Seth Jones               55     1   2  2  
 2 Carl Gunnarsson          Nathan Beaulieu          45     1   2  2  

Last Minutes Offensive
   Center                   Left Wing                Right Wing               Defense                  Defense                  
   Nathan MacKinnon         Nikolaj Ehlers           Connor McDavid           Shea Weber               Seth Jones               

Last Minutes Defensive
   Center                   Left Wing                Right Wing               Defense                  Defense                  
   Phillip Danault          Chris Kreider            Jakob Silfverberg        Shea Weber               Seth Jones               

Goaltenders
Starting : Carey Price              
Backup : James Reimer             

Extra Forwards
Normal : Curtis Lazar, Nathan MacKinnon, Connor McDavid - PP : Chris Kreider, Jakob Silfverberg - PK : Jacob de la Rose
Extra Defensemen
Normal : Seth Jones, Shea Weber, Zachary Werenski - PP : Seth Jones - PK : Ben Chiarot, Shea Weber
Penalty Shots
Curtis Lazar, Nathan MacKinnon, Connor McDavid, Chris Kreider, Jakob Silfverberg
Custom OT Lines Forwards
Nathan MacKinnon, Nikolaj Ehlers, Connor McDavid, Chris Kreider, Phillip Danault, Jakob Silfverberg, Artturi Lehkonen, Curtis Lazar, Jacob de la Rose, Michael Frolik
Custom OT Lines Defensemen
Seth Jones, Shea Weber, Zachary Werenski, Ben Chiarot, Carl Gunnarsson

Scratches
Robert Bortuzzo (Torso Injury)

% Time on Ice - SEATTLE GRUNGE

Lines # - Real PCT - Wanted PCT - Time Play
Normal Forward
1 - 31% - 37% - 13:56
2 - 32% - 37% - 14:09
3 - 27% - 21% - 12:02
4 - 10% - 5% - 4:32
Normal Defense
1 - 36% - 40% - 15:55
2 - 35% - 39% - 15:39
3 - 29% - 21% - 13:05
4 - 0% - 0% - 0:00
PP Forward
1 - 63% - 50% - 6:29
2 - 37% - 50% - 3:51
PP Defense
1 - 62% - 55% - 6:22
2 - 38% - 45% - 3:58
PK Forward
1 - 71% - 55% - 3:33
2 - 29% - 45% - 1:28
PK Defense
1 - 76% - 55% - 3:48
2 - 24% - 45% - 1:13
PK3 Forward
1 - 0% - 55%
2 - 0% - 45%
PK3 Defense
1 - 0% - 55%
2 - 0% - 45%
44 Forward
1 - 0% - 55%
2 - 0% - 45%
44 Defense
1 - 0% - 55%
2 - 0% - 45%
Last Minute Offensive  - 0:00
Last Minute Defensive  - 0:00
Total
Forward - 60:00
Defense - 60:00

% Time on Ice - ANCHORAGE ACES

Lines # - Real PCT - Wanted PCT - Time Play
Normal Forward
1 - 35% - 37% - 15:44
2 - 34% - 33% - 15:13
3 - 22% - 20% - 9:53
4 - 9% - 10% - 3:49
Normal Defense
1 - 33% - 36% - 14:36
2 - 35% - 31% - 15:31
3 - 31% - 23% - 13:39
4 - 2% - 10% - 0:53
PP Forward
1 - 58% - 55% - 2:56
2 - 42% - 45% - 2:05
PP Defense
1 - 57% - 55% - 2:53
2 - 43% - 45% - 2:08
PK Forward
1 - 63% - 55% - 6:33
2 - 37% - 45% - 3:47
PK Defense
1 - 58% - 55% - 6:02
2 - 42% - 45% - 4:18
PK3 Forward
1 - 0% - 55%
2 - 0% - 45%
PK3 Defense
1 - 0% - 55%
2 - 0% - 45%
44 Forward
1 - 0% - 55%
2 - 0% - 45%
44 Defense
1 - 0% - 55%
2 - 0% - 45%
Last Minute Offensive  - 0:00
Last Minute Defensive  - 0:00
Total
Forward - 60:00
Defense - 60:00

Play-by-Play

1st period


0:01 of 1st period - Connor McDavid wins face-off versus Mike Hoffman in neutral zone.
0:10 of 1st period - Shot by Connor McDavid.
0:10 of 1st period - Stopped by Semyon Varlamov without a rebound.
0:11 of 1st period - Josh Bailey wins face-off versus Jakob Silfverberg in SEATTLE GRUNGE zone.
0:11 of 1st period - Josh Bailey is hit by Phillip Danault.
0:17 of 1st period - Shot by Chris Tierney.
0:17 of 1st period - Shot Blocked by Zachary Werenski.
0:57 of 1st period - Shot by Chris Kreider.
0:57 of 1st period - Stopped by Semyon Varlamov without a rebound.
0:58 of 1st period - Curtis Lazar wins face-off versus Jason Spezza in SEATTLE GRUNGE zone.
1:42 of 1st period - Icing by Roman Josi.
1:43 of 1st period - Connor McDavid wins face-off versus Jason Spezza in SEATTLE GRUNGE zone.
2:24 of 1st period - Shot by Connor McDavid.
2:24 of 1st period - Deflect By Nathan MacKinnon.
2:24 of 1st period - Shot Misses the Net.
2:26 of 1st period - Shot by Shea Weber.
2:26 of 1st period - Shot Misses the Net.
2:28 of 1st period - Shot by Seth Jones.
2:28 of 1st period - Stopped by Semyon Varlamov without a rebound.
2:29 of 1st period - Tyler Seguin wins face-off versus Jacob de la Rose in SEATTLE GRUNGE zone.
2:34 of 1st period - Shot by Mike Hoffman.
2:34 of 1st period - Stopped by Carey Price with a rebound.
2:39 of 1st period - Michael Frolik is hit by Slater Koekkoek and loses puck.
2:44 of 1st period - Shot by Nate Thompson.
2:44 of 1st period - Shot Misses the Net.
2:46 of 1st period - Shot by Michael Frolik.
2:46 of 1st period - Stopped by Semyon Varlamov without a rebound.
2:47 of 1st period - Jakob Silfverberg wins face-off versus Chris Tierney in SEATTLE GRUNGE zone.
2:53 of 1st period - Jakob Silfverberg is hit by Damon Severson and loses puck.
3:00 of 1st period - Damon Severson is hit by Chris Kreider and loses puck.
3:08 of 1st period - Minor Penalty to Chris Kreider for Diving.
3:09 of 1st period - Tyler Seguin wins face-off versus Jakob Silfverberg in ANCHORAGE ACES zone.
3:33 of 1st period - Icing by Roman Josi.
3:34 of 1st period - Tyler Seguin wins face-off versus Jacob de la Rose in SEATTLE GRUNGE zone.
3:50 of 1st period - Off-side.
3:51 of 1st period - Jacob de la Rose wins face-off versus Chris Tierney in neutral zone.
4:26 of 1st period - Shot by Chris Tierney.
4:26 of 1st period - Stopped by Carey Price without a rebound.
4:27 of 1st period - Tyler Seguin wins face-off versus Phillip Danault in ANCHORAGE ACES zone.
4:49 of 1st period - Shot by Jake Guentzel.
4:49 of 1st period - Stopped by Carey Price without a rebound.
4:50 of 1st period - Phillip Danault wins face-off versus Chris Tierney in ANCHORAGE ACES zone.
4:50 of 1st period - Phillip Danault is hit by Chris Tierney.
5:25 of 1st period - Shot by Nathan MacKinnon.
5:25 of 1st period - Stopped by Semyon Varlamov without a rebound.
5:26 of 1st period - Curtis Lazar wins face-off versus Tyler Seguin in SEATTLE GRUNGE zone.
5:33 of 1st period - Shot by Artturi Lehkonen.
5:33 of 1st period - Stopped by Semyon Varlamov with a rebound.
5:47 of 1st period - Shot by Tyler Seguin.
5:47 of 1st period - Shot Misses the Net.
5:49 of 1st period - Shot by Tyler Seguin.
5:49 of 1st period - Stopped by Carey Price without a rebound.
5:50 of 1st period - Chris Tierney wins face-off versus Connor McDavid in ANCHORAGE ACES zone.
7:07 of 1st period - Shot by Tyler Seguin.
7:07 of 1st period - Shot Blocked by Nikolaj Ehlers.
7:46 of 1st period - Shot by Phillip Danault.
7:46 of 1st period - Stopped by Semyon Varlamov with a rebound.
7:48 of 1st period - Shot by Shea Weber.
7:48 of 1st period - Shot Misses the Net.
9:17 of 1st period - Shot by Carl Hagelin.
9:17 of 1st period - Shot Misses the Net.
9:19 of 1st period - Shot by David Savard.
9:19 of 1st period - Shot Misses the Net.
9:23 of 1st period - Shot by Josh Bailey.
9:23 of 1st period - Shot Misses the Net.
9:25 of 1st period - Shot by Carl Hagelin.
9:25 of 1st period - Shot Hit the Post.
10:09 of 1st period - Shot by Nate Thompson.
10:09 of 1st period - Stopped by Semyon Varlamov with a rebound.
10:13 of 1st period - Shot by Nate Thompson.
10:13 of 1st period - Shot Misses the Net.
10:15 of 1st period - Shot by Ben Chiarot.
10:15 of 1st period - Stopped by Semyon Varlamov without a rebound.
10:16 of 1st period - Jason Spezza wins face-off versus Connor McDavid in SEATTLE GRUNGE zone.
10:20 of 1st period - Wayne Simmonds is hit by Nikolaj Ehlers and loses puck.
10:33 of 1st period - Wayne Simmonds is hit by Nathan MacKinnon and loses puck.
10:46 of 1st period - Shot by Nathan MacKinnon.
10:46 of 1st period - Deflect By Connor McDavid.
10:46 of 1st period - Shot Misses the Net.
10:59 of 1st period - Damon Severson is hit by Nikolaj Ehlers and loses puck.
11:10 of 1st period - Shot by Phillip Danault.
11:10 of 1st period - Shot Misses the Net.
11:36 of 1st period - Icing by Roman Josi.
11:37 of 1st period - Tyler Seguin wins face-off versus Jacob de la Rose in SEATTLE GRUNGE zone.
11:37 of 1st period - Mike Hoffman is hit by Jacob de la Rose.
11:56 of 1st period - Tyler Seguin is hit by Nathan Beaulieu and loses puck.
12:13 of 1st period - Shot by Tyler Seguin.
12:13 of 1st period - Stopped by Carey Price with a rebound.
12:31 of 1st period - Icing by Nate Thompson.
12:32 of 1st period - Jacob de la Rose wins face-off versus Chris Tierney in ANCHORAGE ACES zone.
13:42 of 1st period - Shot by Nathan MacKinnon.
13:42 of 1st period - Shot Blocked by Travis Sanheim.
13:44 of 1st period - Shot by Nathan MacKinnon.
13:44 of 1st period - Shot Misses the Net.
13:46 of 1st period - Shot by Nikolaj Ehlers.
13:46 of 1st period - Shot Misses the Net.
13:48 of 1st period - Shot by Nathan MacKinnon.
13:48 of 1st period - Shot Misses the Net.
13:50 of 1st period - Shot by Nathan MacKinnon.
13:50 of 1st period - Stopped by Semyon Varlamov without a rebound.
13:51 of 1st period - Tyler Seguin wins face-off versus Curtis Lazar in SEATTLE GRUNGE zone.
14:02 of 1st period - Shot by Jake Guentzel.
14:02 of 1st period - Stopped by Carey Price without a rebound.
14:03 of 1st period - Tyler Seguin wins face-off versus Connor McDavid in ANCHORAGE ACES zone.
14:03 of 1st period - Tyler Seguin is hit by Ben Chiarot.
14:30 of 1st period - Jake Guentzel is hit by Connor McDavid.
14:57 of 1st period - Off-side.
14:58 of 1st period - Chris Tierney wins face-off versus Phillip Danault in neutral zone.
15:29 of 1st period - Off-side.
15:30 of 1st period - Jason Spezza wins face-off versus Curtis Lazar in neutral zone.
15:44 of 1st period - Shot by Matthew Grzelcyk.
15:44 of 1st period - Shot Blocked by Carl Gunnarsson.
16:00 of 1st period - Shot by Artturi Lehkonen.
16:00 of 1st period - Shot Hit the Post.
16:06 of 1st period - Shot by Vladislav Namestnikov.
16:06 of 1st period - Stopped by Carey Price without a rebound.
16:07 of 1st period - Chris Tierney wins face-off versus Phillip Danault in ANCHORAGE ACES zone.
16:10 of 1st period - Shot by Chris Tierney.
16:10 of 1st period - Stopped by Carey Price with a rebound.
16:12 of 1st period - Shot by Travis Sanheim.
16:12 of 1st period - Goal by Travis Sanheim - SEATTLE GRUNGE : 1 - ANCHORAGE ACES : 0.
16:13 of 1st period - Chris Tierney wins face-off versus Connor McDavid in neutral zone.
16:16 of 1st period - Shot by Josh Bailey.
16:16 of 1st period - Shot Blocked by Seth Jones.
16:42 of 1st period - Shot by Nikolaj Ehlers.
16:42 of 1st period - Shot Misses the Net.
16:48 of 1st period - Shot by Nikolaj Ehlers.
16:48 of 1st period - Shot Misses the Net.
16:50 of 1st period - Shot by Shea Weber.
16:50 of 1st period - Stopped by Semyon Varlamov with a rebound.
16:52 of 1st period - Shot by Nathan MacKinnon.
16:52 of 1st period - Shot Blocked by Damon Severson.
17:27 of 1st period - Off-side.
17:28 of 1st period - Curtis Lazar wins face-off versus Jason Spezza in neutral zone.
17:44 of 1st period - Artturi Lehkonen is hit by Matthew Grzelcyk and loses puck.
17:52 of 1st period - Cal Clutterbuck is hit by Matthew Grzelcyk and loses puck.
18:00 of 1st period - Shot by Carl Gunnarsson.
18:00 of 1st period - Stopped by Semyon Varlamov with a rebound.
18:27 of 1st period - Shot by Phillip Danault.
18:27 of 1st period - Stopped by Semyon Varlamov without a rebound.
18:28 of 1st period - Connor McDavid wins face-off versus Mike Hoffman in SEATTLE GRUNGE zone.
18:28 of 1st period - Minor Penalty to David Savard for Tripping.
18:29 of 1st period - Morgan Geekie wins face-off versus Nathan MacKinnon in SEATTLE GRUNGE zone.
19:58 of 1st period - Shot by Phillip Danault.
19:58 of 1st period - Stopped by Semyon Varlamov with a rebound.
Goals for this period are 1 for SEATTLE GRUNGE vs 0 for ANCHORAGE ACES.
Shots for this period are 9 for SEATTLE GRUNGE vs 14 for ANCHORAGE ACES.

2nd period


0:01 of 2nd period - Morgan Geekie wins face-off versus Nathan MacKinnon in neutral zone.
0:04 of 2nd period - Shea Weber is hit by Morgan Geekie and loses puck.
1:04 of 2nd period - Shot by Jake Guentzel.
1:04 of 2nd period - Shot Misses the Net.
1:06 of 2nd period - Shot by Jake Guentzel.
1:06 of 2nd period - Shot Misses the Net.
1:08 of 2nd period - Shot by Mike Hoffman.
1:08 of 2nd period - Deflect By Jake Guentzel.
1:08 of 2nd period - Stopped by Carey Price without a rebound.
1:09 of 2nd period - Chris Kreider wins face-off versus Chris Tierney in ANCHORAGE ACES zone.
1:11 of 2nd period - Seth Jones is hit by Chris Tierney and loses puck.
2:17 of 2nd period - Shot by Trevor Lewis.
2:17 of 2nd period - Shot Misses the Net.
3:25 of 2nd period - Shot by Mike Hoffman.
3:25 of 2nd period - Goal by Mike Hoffman - SEATTLE GRUNGE : 2 - ANCHORAGE ACES : 0.
3:26 of 2nd period - Curtis Lazar wins face-off versus Jason Spezza in neutral zone.
3:45 of 2nd period - Roman Josi is hit by Cal Clutterbuck and loses puck.
4:51 of 2nd period - Minor Penalty to Nate Thompson for Charging.
4:52 of 2nd period - Tyler Seguin wins face-off versus Phillip Danault in ANCHORAGE ACES zone.
6:09 of 2nd period - Shot by Chris Tierney.
6:09 of 2nd period - Shot Misses the Net.
6:11 of 2nd period - Shot by Carl Hagelin.
6:11 of 2nd period - Stopped by Carey Price without a rebound.
6:12 of 2nd period - Jacob de la Rose wins face-off versus Tyler Seguin in ANCHORAGE ACES zone.
6:12 of 2nd period - Jacob de la Rose is hit by Tyler Seguin.
7:12 of 2nd period - Shot by Nathan MacKinnon.
7:12 of 2nd period - Deflect By Connor McDavid.
7:12 of 2nd period - Shot Misses the Net.
7:17 of 2nd period - Nathan MacKinnon is hit by Slater Koekkoek and loses puck.
7:21 of 2nd period - Minor Penalty to Slater Koekkoek for Hooking.
7:22 of 2nd period - Morgan Geekie wins face-off versus Phillip Danault in SEATTLE GRUNGE zone.
7:59 of 2nd period - Shot by Zachary Werenski.
7:59 of 2nd period - Shot Blocked by Carl Hagelin.
9:25 of 2nd period - Jake Guentzel is hit by Cal Clutterbuck and loses puck.
9:49 of 2nd period - Minor Penalty to Cal Clutterbuck for Hooking.
9:50 of 2nd period - Phillip Danault wins face-off versus Chris Tierney in ANCHORAGE ACES zone.
10:01 of 2nd period - Shot by Phillip Danault.
10:01 of 2nd period - Shot Misses the Net.
10:08 of 2nd period - Jakob Silfverberg is hit by Damon Severson and loses puck.
10:17 of 2nd period - Shot by Phillip Danault.
10:17 of 2nd period - Stopped by Semyon Varlamov with a rebound.
11:54 of 2nd period - Shot by Nikolaj Ehlers.
11:54 of 2nd period - Deflect By Nathan MacKinnon.
11:54 of 2nd period - Stopped by Semyon Varlamov with a rebound.
12:00 of 2nd period - Shot by Nathan MacKinnon.
12:00 of 2nd period - Deflect By Connor McDavid.
12:00 of 2nd period - Shot Blocked by Slater Koekkoek.
12:02 of 2nd period - Shot by Nathan Beaulieu.
12:02 of 2nd period - Shot Blocked by Matthew Grzelcyk.
12:04 of 2nd period - Shot by Nathan MacKinnon.
12:04 of 2nd period - Goal by Nathan MacKinnon - SEATTLE GRUNGE : 2 - ANCHORAGE ACES : 1.
12:05 of 2nd period - Phillip Danault wins face-off versus Morgan Geekie in neutral zone.
13:34 of 2nd period - Shot by Nathan MacKinnon.
13:34 of 2nd period - Deflect By Connor McDavid.
13:34 of 2nd period - Stopped by Semyon Varlamov without a rebound.
13:35 of 2nd period - Curtis Lazar wins face-off versus Chris Tierney in SEATTLE GRUNGE zone.
13:50 of 2nd period - Josh Bailey is hit by Shea Weber and loses puck.
13:57 of 2nd period - Shot by Josh Bailey.
13:57 of 2nd period - Stopped by Carey Price without a rebound.
13:58 of 2nd period - Connor McDavid wins face-off versus Jake Guentzel in ANCHORAGE ACES zone.
13:58 of 2nd period - Connor McDavid is hit by Tyler Seguin.
14:23 of 2nd period - Nathan MacKinnon is hit by Damon Severson and loses puck.
14:29 of 2nd period - Connor McDavid is hit by Damon Severson and loses puck.
15:01 of 2nd period - Shot by Phillip Danault.
15:01 of 2nd period - Shot Misses the Net.
15:17 of 2nd period - Shot by Chris Kreider.
15:17 of 2nd period - Deflect By Jakob Silfverberg.
15:17 of 2nd period - Shot Blocked by Damon Severson.
15:19 of 2nd period - Shot by Seth Jones.
15:19 of 2nd period - Stopped by Semyon Varlamov without a rebound.
15:20 of 2nd period - Chris Tierney wins face-off versus Curtis Lazar in SEATTLE GRUNGE zone.
15:27 of 2nd period - Roman Josi is hit by Cal Clutterbuck and loses puck.
15:34 of 2nd period - Shot by Cal Clutterbuck.
15:34 of 2nd period - Shot Blocked by Chris Tierney.
15:45 of 2nd period - Shot by Artturi Lehkonen.
15:45 of 2nd period - Shot Misses the Net.
16:12 of 2nd period - Seth Jones is hit by Chris Tierney and loses puck.
16:20 of 2nd period - Icing by Seth Jones.
16:21 of 2nd period - Connor McDavid wins face-off versus Vladislav Namestnikov in ANCHORAGE ACES zone.
16:26 of 2nd period - Shot by Nathan MacKinnon.
16:26 of 2nd period - Stopped by Semyon Varlamov without a rebound.
16:27 of 2nd period - Connor McDavid wins face-off versus Jason Spezza in SEATTLE GRUNGE zone.
16:30 of 2nd period - Shot by Nathan MacKinnon.
16:30 of 2nd period - Stopped by Semyon Varlamov without a rebound.
16:31 of 2nd period - Jason Spezza wins face-off versus Connor McDavid in SEATTLE GRUNGE zone.
16:48 of 2nd period - Shot by Connor McDavid.
16:48 of 2nd period - Shot Misses the Net.
16:50 of 2nd period - Shot by Nathan MacKinnon.
16:50 of 2nd period - Stopped by Semyon Varlamov without a rebound.
16:51 of 2nd period - Tyler Seguin wins face-off versus Phillip Danault in SEATTLE GRUNGE zone.
16:51 of 2nd period - Tyler Seguin is hit by Jakob Silfverberg.
18:38 of 2nd period - Icing by Ben Chiarot.
18:39 of 2nd period - Jason Spezza wins face-off versus Phillip Danault in ANCHORAGE ACES zone.
18:51 of 2nd period - Wayne Simmonds is hit by Ben Chiarot and loses puck.
19:10 of 2nd period - Shot by Connor McDavid.
19:10 of 2nd period - Shot Blocked by Matthew Grzelcyk.
19:12 of 2nd period - Shot by Nathan MacKinnon.
19:12 of 2nd period - Goal by Nathan MacKinnon - SEATTLE GRUNGE : 2 - ANCHORAGE ACES : 2.
19:13 of 2nd period - Tyler Seguin wins face-off versus Curtis Lazar in neutral zone.
Goals for this period are 1 for SEATTLE GRUNGE vs 2 for ANCHORAGE ACES.
Shots for this period are 4 for SEATTLE GRUNGE vs 9 for ANCHORAGE ACES.

3rd period


0:01 of 3rd period - Chris Tierney wins face-off versus Nathan MacKinnon in neutral zone.
0:13 of 3rd period - Connor McDavid is hit by David Savard and loses puck.
0:23 of 3rd period - Connor McDavid is hit by David Savard and loses puck.
0:30 of 3rd period - Shot by Nathan MacKinnon.
0:30 of 3rd period - Shot Misses the Net.
0:32 of 3rd period - Shot by Seth Jones.
0:32 of 3rd period - Shot Blocked by David Savard.
0:34 of 3rd period - Shot by Nikolaj Ehlers.
0:34 of 3rd period - Shot Misses the Net.
0:54 of 3rd period - Seth Jones is hit by Mike Hoffman.
1:15 of 3rd period - Icing by Tyler Seguin.
1:16 of 3rd period - Phillip Danault wins face-off versus Tyler Seguin in SEATTLE GRUNGE zone.
1:16 of 3rd period - Phillip Danault is hit by Travis Sanheim.
1:31 of 3rd period - Phillip Danault is hit by Damon Severson and loses puck.
2:44 of 3rd period - Roman Josi is hit by Cal Clutterbuck and loses puck.
3:23 of 3rd period - Shot by Michael Frolik.
3:23 of 3rd period - Shot Misses the Net.
3:25 of 3rd period - Shot by Jacob de la Rose.
3:25 of 3rd period - Stopped by Semyon Varlamov with a rebound.
3:27 of 3rd period - Shot by Shea Weber.
3:27 of 3rd period - Stopped by Semyon Varlamov without a rebound.
3:28 of 3rd period - Connor McDavid wins face-off versus Morgan Geekie in SEATTLE GRUNGE zone.
3:31 of 3rd period - Shot by Connor McDavid.
3:31 of 3rd period - Deflect By Nathan MacKinnon.
3:31 of 3rd period - Stopped by Semyon Varlamov without a rebound.
3:32 of 3rd period - Connor McDavid wins face-off versus Jason Spezza in SEATTLE GRUNGE zone.
4:46 of 3rd period - Jakob Silfverberg is hit by Carl Hagelin and loses puck.
5:06 of 3rd period - Icing by Phillip Danault.
5:07 of 3rd period - Tyler Seguin wins face-off versus Jakob Silfverberg in ANCHORAGE ACES zone.
5:08 of 3rd period - Shot by Jake Guentzel.
5:08 of 3rd period - Shot Misses the Net.
5:10 of 3rd period - Shot by Damon Severson.
5:10 of 3rd period - Shot Misses the Net.
5:17 of 3rd period - Minor Penalty to Shea Weber for Holding.
5:18 of 3rd period - Tyler Seguin wins face-off versus Phillip Danault in ANCHORAGE ACES zone.
5:40 of 3rd period - Shot by Damon Severson.
5:40 of 3rd period - Shot Blocked by Ben Chiarot.
5:42 of 3rd period - Shot by Tyler Seguin.
5:42 of 3rd period - Goal by Tyler Seguin - SEATTLE GRUNGE : 3 - ANCHORAGE ACES : 2.
5:43 of 3rd period - Curtis Lazar wins face-off versus Jason Spezza in neutral zone.
6:49 of 3rd period - Off-side.
6:50 of 3rd period - Phillip Danault wins face-off versus Chris Tierney in neutral zone.
7:03 of 3rd period - Chris Kreider is hit by Chris Tierney and loses puck.
7:35 of 3rd period - Icing by Carl Gunnarsson.
7:36 of 3rd period - Tyler Seguin wins face-off versus Chris Kreider in ANCHORAGE ACES zone.
7:54 of 3rd period - Minor Penalty to Nathan Beaulieu for Delaying the game.
7:55 of 3rd period - Tyler Seguin wins face-off versus Jacob de la Rose in ANCHORAGE ACES zone.
8:02 of 3rd period - Shot by Roman Josi.
8:02 of 3rd period - Shot Misses the Net.
8:16 of 3rd period - Shot by Jake Guentzel.
8:16 of 3rd period - Stopped by Carey Price without a rebound.
8:17 of 3rd period - Phillip Danault wins face-off versus Josh Bailey in ANCHORAGE ACES zone.
8:57 of 3rd period - Shot by Chris Tierney.
8:57 of 3rd period - Shot Misses the Net.
10:17 of 3rd period - Shot by Wayne Simmonds.
10:17 of 3rd period - Stopped by Carey Price without a rebound.
10:18 of 3rd period - Morgan Geekie wins face-off versus Curtis Lazar in ANCHORAGE ACES zone.
10:29 of 3rd period - Shot by Marcus Sorensen.
10:29 of 3rd period - Shot Blocked by Artturi Lehkonen.
10:46 of 3rd period - Icing by Roman Josi.
10:47 of 3rd period - Connor McDavid wins face-off versus Morgan Geekie in SEATTLE GRUNGE zone.
10:54 of 3rd period - Shot by Nikolaj Ehlers.
10:54 of 3rd period - Shot Misses the Net.
10:58 of 3rd period - Shot by Nathan MacKinnon.
10:58 of 3rd period - Shot Misses the Net.
11:00 of 3rd period - Shot by Nathan MacKinnon.
11:00 of 3rd period - Shot Misses the Net.
11:02 of 3rd period - Shot by Shea Weber.
11:02 of 3rd period - Stopped by Semyon Varlamov without a rebound.
11:03 of 3rd period - Chris Tierney wins face-off versus Phillip Danault in SEATTLE GRUNGE zone.
11:03 of 3rd period - Damon Severson is hit by Chris Kreider and loses puck.
11:13 of 3rd period - Phillip Danault is hit by Travis Sanheim and loses puck.
11:45 of 3rd period - Jakob Silfverberg is hit by Carl Hagelin and loses puck.
12:12 of 3rd period - Minor Penalty to Jake Guentzel for Holding.
12:13 of 3rd period - Jason Spezza wins face-off versus Nathan MacKinnon in SEATTLE GRUNGE zone.
12:23 of 3rd period - Off-side.
12:24 of 3rd period - Phillip Danault wins face-off versus Jason Spezza in neutral zone.
12:31 of 3rd period - Shot by Jakob Silfverberg.
12:31 of 3rd period - Stopped by Semyon Varlamov without a rebound.
12:32 of 3rd period - Nathan MacKinnon wins face-off versus Morgan Geekie in SEATTLE GRUNGE zone.
12:49 of 3rd period - Shot by Connor McDavid.
12:49 of 3rd period - Deflect By Nathan MacKinnon.
12:49 of 3rd period - Shot Misses the Net.
12:51 of 3rd period - Shot by Shea Weber.
12:51 of 3rd period - Shot Blocked by Roman Josi.
12:53 of 3rd period - Shot by Nathan MacKinnon.
12:53 of 3rd period - Shot Misses the Net.
12:55 of 3rd period - Shot by Nathan MacKinnon.
12:55 of 3rd period - Stopped by Semyon Varlamov without a rebound.
12:56 of 3rd period - Morgan Geekie wins face-off versus Phillip Danault in SEATTLE GRUNGE zone.
13:15 of 3rd period - Shot by Nikolaj Ehlers.
13:15 of 3rd period - Deflect By Jakob Silfverberg.
13:15 of 3rd period - Goal by Jakob Silfverberg - SEATTLE GRUNGE : 3 - ANCHORAGE ACES : 3.
13:16 of 3rd period - Tyler Seguin wins face-off versus Jacob de la Rose in neutral zone.
13:25 of 3rd period - Shot by Jake Guentzel.
13:25 of 3rd period - Stopped by Carey Price without a rebound.
13:26 of 3rd period - Connor McDavid wins face-off versus Tyler Seguin in ANCHORAGE ACES zone.
13:45 of 3rd period - Shot by Nikolaj Ehlers.
13:45 of 3rd period - Deflect By Connor McDavid.
13:45 of 3rd period - Stopped by Semyon Varlamov without a rebound.
13:46 of 3rd period - Wayne Simmonds wins face-off versus Phillip Danault in SEATTLE GRUNGE zone.
14:03 of 3rd period - Shot by Chris Kreider.
14:03 of 3rd period - Stopped by Semyon Varlamov without a rebound.
14:04 of 3rd period - Connor McDavid wins face-off versus Tyler Seguin in SEATTLE GRUNGE zone.
14:33 of 3rd period - Shot by Nikolaj Ehlers.
14:33 of 3rd period - Shot Blocked by Roman Josi.
14:43 of 3rd period - Shot by Nathan MacKinnon.
14:43 of 3rd period - Stopped by Semyon Varlamov without a rebound.
14:44 of 3rd period - Chris Tierney wins face-off versus Phillip Danault in SEATTLE GRUNGE zone.
14:44 of 3rd period - Chris Tierney is hit by Jakob Silfverberg.
14:47 of 3rd period - Icing by Carl Hagelin.
14:48 of 3rd period - Chris Tierney wins face-off versus Phillip Danault in SEATTLE GRUNGE zone.
14:48 of 3rd period - Chris Tierney is hit by Chris Kreider.
15:14 of 3rd period - Shot by Jakob Silfverberg.
15:14 of 3rd period - Shot Misses the Net.
15:16 of 3rd period - Shot by Ben Chiarot.
15:16 of 3rd period - Stopped by Semyon Varlamov without a rebound.
15:17 of 3rd period - Tyler Seguin wins face-off versus Connor McDavid in SEATTLE GRUNGE zone.
15:17 of 3rd period - Tyler Seguin is hit by Nathan MacKinnon.
15:20 of 3rd period - Icing by Jake Guentzel.
15:21 of 3rd period - Connor McDavid wins face-off versus Tyler Seguin in SEATTLE GRUNGE zone.
15:36 of 3rd period - Shot by Jake Guentzel.
15:36 of 3rd period - Stopped by Carey Price with a rebound.
15:38 of 3rd period - Shot by Jake Guentzel.
15:38 of 3rd period - Stopped by Carey Price without a rebound.
15:39 of 3rd period - Phillip Danault wins face-off versus Chris Tierney in ANCHORAGE ACES zone.
15:54 of 3rd period - Shot by Phillip Danault.
15:54 of 3rd period - Stopped by Semyon Varlamov without a rebound.
15:55 of 3rd period - Tyler Seguin wins face-off versus Connor McDavid in SEATTLE GRUNGE zone.
16:08 of 3rd period - Shot by Tyler Seguin.
16:08 of 3rd period - Shot Misses the Net.
16:10 of 3rd period - Shot by David Savard.
16:10 of 3rd period - Deflect By Jake Guentzel.
16:10 of 3rd period - Stopped by Carey Price without a rebound.
16:11 of 3rd period - Phillip Danault wins face-off versus Chris Tierney in ANCHORAGE ACES zone.
16:20 of 3rd period - Josh Bailey is hit by Ben Chiarot and loses puck.
16:23 of 3rd period - Shot by Carl Hagelin.
16:23 of 3rd period - Stopped by Carey Price with a rebound.
16:25 of 3rd period - Shot by Carl Hagelin.
16:25 of 3rd period - Shot Blocked by Zachary Werenski.
16:32 of 3rd period - Minor Penalty to Phillip Danault for Holding.
16:33 of 3rd period - Tyler Seguin wins face-off versus Jacob de la Rose in ANCHORAGE ACES zone.
16:36 of 3rd period - Shot by Jake Guentzel.
16:36 of 3rd period - Stopped by Carey Price without a rebound.
16:37 of 3rd period - Tyler Seguin wins face-off versus Jacob de la Rose in ANCHORAGE ACES zone.
17:57 of 3rd period - Shot by Nate Thompson.
17:57 of 3rd period - Deflect By Artturi Lehkonen.
17:57 of 3rd period - Stopped by Semyon Varlamov without a rebound.
17:58 of 3rd period - Chris Tierney wins face-off versus Nate Thompson in SEATTLE GRUNGE zone.
18:49 of 3rd period - Shot by Wayne Simmonds.
18:49 of 3rd period - Shot Blocked by Nathan MacKinnon.
19:43 of 3rd period - Cal Clutterbuck is hit by Matthew Grzelcyk.
19:58 of 3rd period - Icing by Artturi Lehkonen.
19:59 of 3rd period - Chris Tierney wins face-off versus Curtis Lazar in ANCHORAGE ACES zone.
Goals for this period are 1 for SEATTLE GRUNGE vs 1 for ANCHORAGE ACES.
Shots for this period are 9 for SEATTLE GRUNGE vs 13 for ANCHORAGE ACES.

Overtime #1


0:01 of 1st overtime period - Jake Guentzel wins face-off versus Nathan MacKinnon in neutral zone.
0:12 of 1st overtime period - Shot by Mike Hoffman.
0:12 of 1st overtime period - Shot Blocked by Nathan MacKinnon.
0:20 of 1st overtime period - Shot by Nathan MacKinnon.
0:20 of 1st overtime period - Shot Misses the Net.
0:22 of 1st overtime period - Shot by Nathan MacKinnon.
0:22 of 1st overtime period - Goal by Nathan MacKinnon - SEATTLE GRUNGE : 3 - ANCHORAGE ACES : 4.
Goals for this period are 0 for SEATTLE GRUNGE vs 1 for ANCHORAGE ACES.
Shots for this period are 0 for SEATTLE GRUNGE vs 1 for ANCHORAGE ACES.


NATHAN
MACKINNON
PHILLIP
DANAULT
CONNOR
MCDAVID

EAST COAST

HOCKEY LEAGUE

  • 25.QUE4CHI5
  • 26.CHA2LIM3
  • 27.TRV2LON3
  • 28.CHW4BAL2
  • 29.PITMAN
  • 30.ATLNHW
  • 31.WORPET
  • 32.RHI